 Dungeon Crawl Stone Soup version 0.29.1-14-g9c671dbff4 (webtiles) character file.

Game seed: 10086044518464851166

84 Mickster the Magician (level 4, -9/39 HPs)
             Began as a Troll Hedge Wizard on Feb 21, 2023.
             Mangled by an iguana (11 damage)
             ... on level 4 of the Dungeon.
             The game lasted 00:23:04 (1721 turns).

Mickster the Magician (Troll Hedge Wizard)          Turns: 1721, Time: 00:23:04

Health: -9/39      AC:  7    Str: 17 (18) XL:     4   Next: 24%
Magic:  6/6        EV:  9    Int:  8 (10) God:
Gold:   72         SH:  0    Dex:  9      Spells: 6/7 levels left

rFire   . . .      SeeInvis .   h - +0 hand axe
rCold   . . .      Faith    .   (no shield)
rNeg    . . .      Spirit   .   b - +1 robe
rPois   .          Reflect  .   e - +2 hat
rElec   .          Harm     .   (no cloak)
rCorr   .          Rampage  .   (gloves unavailable)
Will    .....                   (boots unavailable)
Stlth   +.........              (no amulet)
HPRegen 0.93/turn               i - ring of flight
MPRegen 0.10/turn               (no ring)

@: flying
A: large, unfitting armour, claws 3, regeneration 1, shaggy fur 1, tough skin 1,
weak 1, subdued magic 1
a: no special abilities


You were on level 4 of the Dungeon.
You visited 1 branch of the dungeon, and saw 4 of its levels.

You collected 72 gold pieces.

Inventory:

Hand Weapons
 a - a +0 dagger
 c - a +0 antimagic dagger
 f - a +0 whip
 h - a +0 hand axe (weapon)
 r - a +0 sling
Missiles
 g - 13 stones
 k - 4 boomerangs of dispersal (quivered)
 n - 12 poisoned darts
Armour
 b - a +1 robe (worn)
 e - a +2 hat (worn)
 m - a +2 pair of boots
 p - a +0 ring mail
Jewellery
 i - a ring of flight (left claw)
Scrolls
 j - a scroll of enchant weapon
 s - a scroll of magic mapping {unknown}
 t - a scroll of brand weapon {unknown}
Potions
 d - a potion of magic
 l - a potion of haste
 q - a potion of flight {unknown}


   Skills:
 + Level 0.1 Fighting
 + Level 1.4 Short Blades
 + Level 1.1 Axes
 + Level 1.9 Dodging
 + Level 1.1 Stealth
 + Level 2.4 Spellcasting
 + Level 0.6 Conjurations
 + Level 0.6 Summonings
 + Level 0.6 Translocations


You had 6 spell levels left.
You knew the following spells:

 Your Spells              Type           Power      Damage    Failure   Level
a - Magic Dart            Conj           4%         1d3       22%         1

Your spell library contained the following spells:

 Spells                   Type           Power      Damage    Failure   Level
 Beastly Appendage        Tmut           0%         N/A       30%         1
 Slow                     Hex            0%         N/A       30%         1
 Blink                    Tloc           2%         N/A       34%         2
 Call Imp                 Summ           1%         N/A       34%         2
 Wereblood                Tmut           0%         N/A       41%         2
 Conjure Flame            Conj/Fire      1%         6-21      61%         3
 Mephitic Cloud           Conj/Pois/Air  1%         N/A       63%         3
 Spider Form              Tmut/Pois      0%         N/A       67%         3


Dungeon Overview and Level Annotations

Branches:
Dungeon (4/15)
 Temple: D:4-7

Altars:
Dithmenos
Nemelex Xobeh


Innate Abilities, Weirdness & Mutations

You are too large for most types of armour.
You have claws for hands.
Your natural rate of healing is unusually fast.
You are covered in fur. (AC +1)
You have tough skin. (AC +1)
You are weak. (Str -2)
Your spells are a little easier to cast, but a little less powerful.


Message History

You hit the iguana.
The iguana is moderately wounded.
The iguana hisses menacingly.
The iguana bites you!
You barely miss the iguana.
The iguana is moderately wounded.
The iguana bites you but does no damage.
You barely miss the iguana.
The iguana is moderately wounded.
The iguana barely misses you. The iguana bites you.
You hit the iguana.
The iguana is severely wounded.
The iguana misses you.
You closely miss the iguana.
The iguana is severely wounded.
The iguana bites you.
You hit the iguana.
The iguana is almost dead.
The iguana bites you.
You barely miss the iguana. You claw the iguana, but do no damage.
The iguana is almost dead.
The iguana bites you. x2
* * * LOW HITPOINT WARNING * * *
You hit the iguana but do no damage.
The iguana is almost dead.
The iguana closely misses you.
You feel better. The iguana barely misses you.
You barely miss the iguana.
The iguana is almost dead.
The iguana bites you!
* * * LOW HITPOINT WARNING * * *
You hit the iguana but do no damage.
The iguana is almost dead.
The iguana bites you but does no damage.
The iguana bites you!
* * * LOW HITPOINT WARNING * * *
You hit the iguana but do no damage.
The iguana is almost dead.
The iguana bites you!
You die...

#..###..## .#...
#...##### .#..#..
#....# .. ## .
##....# .#
#....##### .#
#...###..## ###
#..###....##
#....
#..##......##...#
#..........@l..#
#..............#
################


You could see an iguana.

Vanquished Creatures
  A hound (D:4)
  2 adders (D:4)
  A worm (D:2)
  A dart slug (D:4)
  6 endoplasms
  5 goblins
  3 hobgoblins (D:3)
  A quokka (D:1)
  3 ball pythons
  A bat (D:2)
  2 frilled lizards
  6 kobolds
  A rat (D:1)
33 creatures vanquished.

Vanquished Creatures (others)
  14 demonic plants (D:3)
  5 fungi (D:3)
  5 plants (D:3)
  5 withered plants (D:3)
29 creatures vanquished.

Grand Total: 62 creatures vanquished

Notes
Turn   | Place    | Note
-------+----------+-------------------------------------------
     0 | D:1      | Mickster the Troll Hedge Wizard began the quest for the
                  | Orb.
     0 | D:1      | Reached XP level 1. HP: 16/16 MP: 2/2
   207 | D:1      | Reached XP level 2. HP: 19/24 MP: 2/4
   264 | D:1      | Gained mutation: Your spells are a little easier to cast,
                  | but a little less powerful. [potion of mutation]
   264 | D:1      | Gained mutation: You are weak. (Str -2) [potion of
                  | mutation]
   572 | D:1      | Found a sparkling altar of Nemelex Xobeh.
  1270 | D:3      | Found a shadowy altar of Dithmenos.
  1397 | D:3      | Reached XP level 3. HP: 31/31 MP: 5/5
  1561 | D:4      | Reached skill level 1 in Short Blades
  1603 | D:4      | Reached skill level 1 in Axes
  1603 | D:4      | Reached XP level 4. HP: 27/39 MP: 6/6
  1720 | D:4      | HP: 1/39 [iguana (9)]
  1721 | D:4      | Mangled by an iguana

Illustrated notes

Levels and vault maps discovered:
D:1:      dpeg_arrival_water_altar, layout_basic, serial_bayou_pond_e,
          grunt_decor_clamped
D:2:      layout_loops_cross
D:3:      layout_loops_ring, nicolae_dithmenos_through_a_glass_darkly,
          shapermc_ecumenical_altar_gd, kennysheep_nondescript,
          minmay_goblin_outpost
D:4:      layout_loops_ring, xom_confusion_cloud, nicolae_sif_muna_condensation,
          gup_sewer_entry_bowl, minivault_19, minmay_statues_item

Skill      XL: |  1  2  3 |
---------------+----------+-----
Short Blades   | 1 |  1.4
Axes           | 1 |  1.1
Fighting       | |  0.1
Dodging        | |  1.9
Stealth        | |  1.1
Spellcasting   | |  2.4
Conjurations   | |  0.6
Summonings     | |  0.6
Translocations | |  0.6

Action                   |  1- 3 |  4- 6 || total
-------------------------+-------+-------++-------
Melee: Dagger            |    38 |       ||    38
       Punch             |     2 |     1 ||     3
       Hand axe          |    80 |    15 ||    95
 Cast: Magic Dart        |     4 |       ||     4
  Use: Potion            |     6 |     1 ||     7
       Scroll            |     4 |       ||     4
 Stab: Sleeping          |     1 |       ||     1
Armor: Robe              |    58 |     3 ||    61
Dodge: Dodged            |    76 |     4 ||    80
